 Dungeon Crawl Stone Soup version 0.15.2 (webtiles) character file.

639 JackS81 the Spear-Bearer (level 7, -11/52 HPs)
             Began as a Merfolk Death Knight on Aug 18, 2017.
             Was a Believer of Yredelemnul.
             Killed by divine providence
             ... invoked by an orc priest
              (17 damage)
             ... on Level 5 of the Dungeon.
             The game lasted 00:25:31 (4691 turns).

JackS81 the Spear-Bearer (Merfolk Death Knight)     Turns: 4691, Time: 00:25:32

HP -11/52        AC  8     Str 15      XL: 7   Next: 50%
MP  11/11        EV 12     Int 10      God: Yredelemnul [**....]
Gold 30          SH  0     Dex 14      Spells:  0 memorised,  6 levels left

rFire  + . .     SeeInvis .     a - +1 spear
rCold  . . .     Clarity  .     c - +2 leather armour {rF+}
rNeg   . . .     rCorr    +     (no shield)
rPois  .         rRot     .     m - +0 helmet
rElec  .         Spirit   .     v - +1 cloak {MR+}
SustAb .         Warding  .     (no gloves)
rMut   .         Stasis   .     (no boots)
Gourm  .                        N - amulet of resist corrosion
MR     +....                    (no ring)
                                (no ring)

@: somewhat resistant to hostile enchantments, very unstealthy
A: change form in water, swift swim
a: Animate Remains, Recall Undead Slaves, Injury Mirror, Renounce Religion


You were on level 5 of the Dungeon.
You worshipped Yredelemnul.
Yredelemnul was pleased with you.
You were hungry.

You visited 1 branch of the dungeon, and saw 5 of its levels.

You collected 263 gold pieces.
You spent 233 gold pieces at shops.

Inventory:

Hand weapons
 a - a +1 spear (weapon)
 d - a +1 dagger of venom
 u - a +2 quarterstaff of chaos
 L - a +1 dagger of pain
 P - the +5 hunting sling of Mirchiemi {venom, rC+ rN+ Dex+1}
   (You found it on level 4 of the Dungeon)

   It poisons the ammo it fires.
   It affects your dexterity (+1).
   It protects you from cold.
   It protects you from negative energy.
Missiles
 k - 17 steel bolts
 o - 2 javelins (quivered)
 E - 17 arrows of frost
 H - 13 arrows
 Q - 21 stones
Armour
 b - a +0 leather armour
 c - a +2 leather armour of fire resistance (worn)
 g - a +0 chain mail
 m - a +0 helmet (worn)
 r - a +0 shield
 s - a +0 cloak
 t - a +0 cloak
 v - a +1 cloak of magic resistance (worn)
Magical devices
 n - a wand of teleportation (1)
 x - a wand of confusion (17) {unknown}
 B - a wand of cold (6) {unknown}
 F - a wand of disintegration (7) {unknown}
Comestibles
 p - a meat ration
 R - 2 bread rations
Scrolls
 e - 3 scrolls of remove curse {unknown}
 f - 2 scrolls of magic mapping {unknown}
 h - 3 scrolls of teleportation {unknown}
 i - 2 scrolls of amnesia {unknown}
 j - 9 scrolls of identify
 l - a scroll of blinking {unknown}
 y - 2 scrolls of enchant armour {unknown}
 A - 2 scrolls of recharging {unknown}
 C - a scroll of random uselessness {unknown}
 G - a scroll of immolation {unknown}
 J - a scroll of fog {unknown}
Jewellery
 D - an uncursed ring of wizardry
 N - an amulet of resist corrosion (around neck)
Potions
 q - a potion of haste
 w - a potion of invisibility {unknown}
 z - a potion of cure mutation {unknown}
 I - a potion of confusion {unknown}
 K - a potion of heal wounds
 M - a potion of curing
 O - 2 potions of restore abilities {unknown}


   Skills:
 * Level 3.1 Fighting
 - Level 10.4 Polearms
 - Level 0.6 Armour
 * Level 3.6 Dodging
 - Level 3.0 Invocations


You had 6 spell levels left.
You didn't know any spells.

Dungeon Overview and Level Annotations

Branches:
Dungeon (5/15)             Temple (0/1) D:5

Altars:
Elyvilon

Shops:
D:4 [=!


Message History

A gnoll comes into view. It is wielding a spear.
You hit the gnoll but do no damage.
The gnoll is lightly wounded.
The hound closely misses you. The gnoll completely misses you.
The gnoll barely misses you.
Your goblin zombie hits the gnoll but does no damage.
The orc priest becomes somewhat translucent.
The hound closely misses you.
Your goblin zombie closely misses the gnoll.
The hound bites you but does no damage.
The orc priest invokes the aid of Beogh against you.
Something smites you!
* * * LOW HITPOINT WARNING * * *
The hound bites you.
* * * LOW HITPOINT WARNING * * *
Your goblin zombie hits the hound with a dagger.
The orc priest calls down the wrath of Beogh upon you.
Something smites you!
You die...
Your body rises from the dead as a mindless zombie.

......#######...###.............#
......'...........#.............#
......###########.#.....#########
......###########.......#
...............g.o.####.#
######.........##).# #.#
#...g.....##g.## .#
...............#ghZ.#
...............#@#%.#
...............#.....#
...............#.#.#.#
..(...........##...#..#
##########...##......#
#.######.#... .....#ยง .###


You could see a hound, an orc priest, 2 gnolls and a friendly goblin zombie.

Vanquished Creatures
  The ghost of Huymann the Magician, an average DEWz (D:4)
  2 phantoms
  A scorpion (D:4)
  Crazy Yiuf (D:2)
  An orc priest (D:4)
  3 worker ants (D:3)
  Jessica (D:2)
  Terence (D:2)
  A gnoll (D:5)
  6 adders
  A worm (D:4)
  2 giant geckos
  An ooze (D:1)
  6 orcs (D:4)
  A bat zombie (D:5)
  5 giant cockroaches
  7 goblins
  16 hobgoblins
  4 jackals (D:2)
  9 kobolds
  A ball python (D:1)
  5 bats
  A giant newt (D:1)
  2 quokkas
  5 rats
84 creatures vanquished.

Vanquished Creatures (collateral kills)
  An orc wizard (D:4)
  An adder (D:3)
2 creatures vanquished.

Vanquished Creatures (others)
  2 worker ant zombies (D:3)
  A kobold zombie (D:3)
  4 orc zombies (D:4)
7 creatures vanquished.

Grand Total: 93 creatures vanquished

Notes
Turn   | Place    | Note
--------------------------------------------------------------
     0 | D:1      | JackS81, the Merfolk Death Knight, began the quest for the Orb.
     0 | D:1      | Reached XP level 1. HP: 16/16 MP: 2/2
    78 | D:1      | Reached skill level 4 in Polearms
    78 | D:1      | Reached XP level 2. HP: 22/22 MP: 3/3
   774 | D:2      | Reached skill level 5 in Polearms
   774 | D:2      | Reached XP level 3. HP: 27/27 MP: 5/5
   824 | D:2      | Acquired Yredelemnul's second power
   883 | D:2      | Noticed Jessica
   894 | D:2      | Killed Jessica
  1112 | D:2      | Noticed Terence
  1152 | D:2      | HP: 1/27 [Terence/short sword (2)]
  1156 | D:2      | Killed Terence
  1156 | D:2      | Reached skill level 6 in Polearms
  1156 | D:2      | Reached XP level 4. HP: 14/33 MP: 6/6
  1360 | D:2      | Noticed Crazy Yiuf
  1373 | D:2      | Killed Crazy Yiuf
  1615 | D:2      | Reached skill level 7 in Polearms
  1855 | D:2      | Reached XP level 5. HP: 27/38 MP: 8/8
  2711 | D:3      | Reached skill level 8 in Polearms
  2909 | D:4      | Found Yghaytra's Antique Armour Emporium.
  2911 | D:4      | Noticed a phantom
  2938 | D:3      | Reached XP level 6. HP: 38/44 MP: 9/9
  3064 | D:3      | Killed a phantom
  3064 | D:3      | Reached skill level 9 in Polearms
  3164 | D:4      | Noticed Huymann's ghost (average DEWz)
  3215 | D:4      | Killed Huymann's ghost
  3215 | D:4      | Reached skill level 10 in Polearms
  3641 | D:4      | Reached XP level 7. HP: 31/50 MP: 9/11
  3775 | D:4      | Found Pniatusa's Distillery.
  3783 | D:4      | Bought a potion of heal wounds for 33 gold pieces
  4202 | D:4      | Found Huysiaz's Jewellery Shop.
  4228 | D:4      | Bought an uncursed amulet of resist corrosion for 200 gold pieces
  4474 | D:4      | Got a crystal hunting sling
  4492 | D:5      | Entered Level 5 of the Dungeon
  4578 | D:5      | Found a staircase to the Ecumenical Temple.
  4593 | D:5      | Identified the +5 hunting sling of Mirchiemi {venom, rC+ rN+ Dex+1} (You found it on level 4 of the Dungeon)
  4613 | D:5      | Found a white marble altar of Elyvilon.
  4691 | D:5      | Killed from afar by an orc priest

Action                   |  1- 3 |  4- 6 |  7- 9 || total
-------------------------+-------+-------+-------++-------
Melee: Spear             |   136 |   283 |   127 ||   546
Throw: Javelin           |       |     3 |     3 ||     6
Invok: Injury Mirror     |       |     1 |       ||     1
       Animate Remains   |       |     6 |     4 ||    10
  Use: Potion            |     4 |     1 |       ||     5
       Scroll            |       |       |     1 ||     1
 Stab: Sleeping          |       |     1 |       ||     1
  Eat: Chunk             |     1 |     2 |       ||     3
       Bread ration      |       |     1 |       ||     1
       Meat ration       |       |     1 |       ||     1
